 Dungeon Crawl Stone Soup version 0.29-a0-317-gd16b76e6b1 (webtiles) character file.

Game seed: 4340945072226352362

3649 Ijustatesigmund the Reanimator (level 9, -1/51 HPs)
             Began as a Deep Elf Necromancer on Apr 1, 2022.
             Was a Follower of Cheibriados.
             Slain by a gnoll sergeant
             ... wielding a +0 trident
              (6 damage)
             ... on level 7 of the Dungeon.
             The game lasted 00:34:42 (13408 turns).

Ijustatesigmund the Reanimator (DENe)              Turns: 13408, Time: 00:34:43

Health: -1/51      AC: 17    Str:  7    XL:     9   Next: 88%
Magic:  12/22      EV: 13    Int: 33    God:    Cheibriados [*.....]
Gold:   658        SH:  5    Dex: 17    Spells: 9/23 levels left

rFire   . . .      SeeInvis .   u - +10 rapier of Untimely Demise {protect, *Corrode rPois Int+6}
rCold   . . .      Faith    .   g - +0 buckler
rNeg    + . .      Spirit   .   x - +2 leather armour {rN+}
rPois   +          Reflect  .   C - +0 helmet
rElec   .          Harm     .   q - +2 cloak {rPois}
rCorr   +          Rampage  .   (no gloves)
Will    .....                   m - +0 pair of boots
Stlth   +++.......              (no amulet)
HPRegen 0.17/turn               y - ring of resist corrosion
MPRegen 0.18/turn               (no ring)

@: under a protective aura, mesmerised, very slow
A: no striking features
a: Renounce Religion, Bend Time


You were on level 7 of the Dungeon.
You worshipped Cheibriados.
Cheibriados was aware of your devotion.
You visited 2 branches of the dungeon, and saw 8 of its levels.
You also visited: Ossuary.

You collected 658 gold pieces.

Inventory:

Hand Weapons
 f - a +2 rapier of draining
 t - a +1 short sword of protection
 u - the +10 rapier of Untimely Demise (weapon) {protect, *Corrode rPois Int+6}
   (You found it on level 5 of the Dungeon)

   It grants its wielder temporary protection when it strikes (+7 to AC).
   Int:       It affects your intelligence (+6).
   rPois:     It protects you from poison.
   *Corrode:  It may corrode you when you take damage.
Missiles
 d - 13 poisoned darts
Armour
 a - a +0 robe
 g - a +0 buckler (worn)
 m - a +0 pair of boots (worn)
 q - a +2 cloak of poison resistance (worn)
 x - a +2 leather armour of positive energy (worn)
 C - a +0 helmet (worn)
Magical Staves
 p - a staff of conjuration
Jewellery
 y - a ring of resist corrosion (left hand)
Wands
 z - a wand of flame (16)
Scrolls
 k - a scroll of fog
 o - 3 scrolls of teleportation
 s - a scroll of amnesia
 A - a scroll of blinking
 B - 2 scrolls of fear
Potions
 b - a potion of magic
 c - 2 potions of might
 e - a potion of attraction {unknown}
 h - 3 potions of lignification
 i - a potion of haste
 j - 4 potions of curing
 l - a potion of mutation {unknown}
 n - 4 potions of degeneration {unknown}
 r - 3 potions of brilliance
 v - a potion of invisibility {unknown}
 w - 2 potions of flight {unknown}


   Skills:
 + Level 3.6 Fighting
 + Level 4.9 Short Blades
 - Level 3.2 Armour
 - Level 5.0 Dodging
 - Level 6.6 Stealth
 - Level 3.1 Shields
 + Level 7.5 Spellcasting
 + Level 1.2 Conjurations
 - Level 9.4 Necromancy
 + Level 1.2 Fire Magic
 + Level 2.1 Invocations


You had 9 spell levels left.
You knew the following spells:

 Your Spells              Type           Power      Damage    Failure   Level
a - Pain                  Necr           100%       1d9       1%          1
b - Agony                 Necr           66%        N/A       4%          5
c - Animate Dead          Necr           33%        N/A       1%          4
d - Sticky Flame          Conj/Fire      20%        2d4       38%         4

Your spell library contained the following spells:

 Spells                   Type           Power      Damage    Failure   Level
 Animate Skeleton         Necr           100%       N/A       1%          1
 Vampiric Draining        Necr           66%        2d10      1%          3
 Dispel Undead            Necr           66%        3d23      1%          4
 Static Discharge         Conj/Air       16%        N/A       9%          2
 Gell's Gravitas          Tloc           12%        N/A       22%         3
 Lesser Beckoning         Tloc           12%        N/A       22%         3
 Teleport Other           Tloc           12%        N/A       22%         3


Dungeon Overview and Level Annotations

Branches:
Dungeon (7/15)             Temple (1/1) D:7         Ossuary (visited)

Altars:
Ashenzari
Cheibriados
Dithmenos
Elyvilon
Fedhas
Gozag
Hepliaklqana
Kikubaaqudgha
Makhleb
Nemelex Xobeh
Okawaru
Qazlal
Ru
Sif Muna
Trog
Uskayaw
Vehumet
Wu Jian
Xom
Yredelemnul
Zin
The Shining One

Shops:
D:2 [   D:7 :

Annotations:
D:7 Maggie


Message History

You cannot blink away from Maggie!
Blink to where?
Press: ? - help, Dir - move target, f - you
Okay, then.
Okay, then.
You barely miss Maggie.
Maggie is severely wounded.
You break out of your daze.
You block Maggie's attack.
You hit Maggie.
Your weapon exudes an aura of protection.
Maggie is severely wounded.
Maggie closely misses you.
You closely miss Maggie.
Maggie is severely wounded.
Maggie gestures wildly while chanting.
Maggie attempts to bespell you! You resist.
You hit Maggie.
Maggie is severely wounded.
A gnoll sergeant comes into view. It is wielding a +0 trident.
Maggie barely misses you.
The gnoll sergeant shouts!
You puncture Maggie!
Maggie is almost dead.
Maggie gestures wildly while chanting.
Maggie attempts to bespell you!
You are mesmerised by Maggie!
You closely miss Maggie.
Maggie is almost dead.
Maggie closely misses you.
You barely miss Maggie.
Maggie is almost dead.
The gnoll sergeant hits you from afar with a +0 trident.
* * * LOW HITPOINT WARNING * * *
Maggie gestures wildly while chanting.
Maggie draws you further into her thrall.
You barely miss Maggie.
Maggie is almost dead.
The gnoll sergeant hits you from afar with a +0 trident.
You die...

........###.#
..........#.#
.##.#.#.###.##
.............#
###.#...#.#..#
#.#######..#####
#................
#####################
................@@gg#
###################.#
..@ g##.. .. ... ##
#g


You could see Maggie (mesmerising), a gnoll sergeant and a gnoll.

Vanquished Creatures
  Eustachio (D:5)
  Menkaure (D:5)
  3 water moccasins
  Duvessa (D:6)
  3 ogres (D:5)
  A black bear (D:5)
  2 sky beasts
  An ice beast (D:6)
  A centaur (D:5)
  3 phantoms
  A gnoll sergeant (D:5)
  A bullfrog (D:5)
  4 scorpions
  8 wights
  Dowan (D:6)
  2 howler monkeys
  4 hounds
  2 jellies (D:6)
  5 orc priests
  Jessica (D:3)
  Ijyb (D:3)
  4 iguanas
  8 orc wizards
  8 mummies (Ossuary)
  11 gnolls
  10 adders
  A shadow imp (D:5)
  2 white imps (D:5)
  3 ufetubi
  2 worms
  3 dart slugs
  23 orcs
  6 ball pythons
  7 bats
  11 endoplasms
  3 giant cockroaches
  2 gnoll zombies (Ossuary)
  7 goblins
  3 hobgoblins
  6 kobolds
  8 quokkas
  A frilled lizard (D:1)
  2 hobgoblin zombies (Ossuary)
  2 kobold zombies (Ossuary)
  2 orc zombies (Ossuary)
  5 rats
187 creatures vanquished.

Vanquished Creatures (collateral kills)
  A gnoll shaman (D:5)
1 creature vanquished.

Grand Total: 188 creatures vanquished

Notes
Turn   | Place    | Note
-------+----------+-------------------------------------------
     0 | D:1      | Ijustatesigmund the Deep Elf Necromancer began the quest
                  | for the Orb.
     0 | D:1      | Reached XP level 1. HP: 10/10 MP: 6/6
   150 | D:1      | Reached skill level 5 in Necromancy
   522 | D:1      | Reached XP level 2. HP: 9/15 MP: 5/8
  1086 | D:1      | Learned a level 1 spell: Animate Skeleton
  1471 | D:1      | Found a faded altar of an unknown god.
  1492 | D:1      | Reached XP level 3. HP: 13/19 MP: 7/10
  2328 | D:2      | Reached skill level 1 in Short Blades
  2328 | D:2      | Reached skill level 6 in Necromancy
  2328 | D:2      | Reached XP level 4. HP: 9/24 MP: 7/12
  3018 | D:2      | You fall into a shaft and drop 1 floor!
  3075 | D:2      | Found Gokurch's Armour Shop.
  3361 | D:3      | Noticed Jessica
  3363 | D:3      | Noticed a phantom
  3364 | D:3      | Killed Jessica
  3525 | D:3      | Learned a level 4 spell: Animate Dead
  3637 | D:4      | Reached XP level 5. HP: 26/28 MP: 10/13
  3913 | D:4      | Noticed a phantom
  3946 | D:3      | Found a radiant altar of Vehumet.
  4176 | D:3      | Killed a phantom
  4177 | D:3      | Reached skill level 1 in Fighting
  4177 | D:3      | Reached skill level 5 in Spellcasting
  4177 | D:3      | Reached skill level 7 in Necromancy
  4318 | D:3      | Noticed Ijyb
  4327 | D:3      | Killed Ijyb
  4328 | D:3      | Reached XP level 6. HP: 18/34 MP: 6/15
  4975 | D:3      | Found a glowing silver altar of Zin.
  4975 | D:3      | Found a sparkling altar of Nemelex Xobeh.
  5662 | D:4      | Reached skill level 8 in Necromancy
  5672 | D:4      | Learned a level 5 spell: Agony
  6080 | D:4      | Reached XP level 7. HP: 27/40 MP: 13/17
  6457 | D:5      | Entered Level 5 of the Dungeon
  6462 | D:5      | Identified the +10 rapier of Untimely Demise {protect,
                  | *Corrode rPois Int+6}
  6712 | D:5      | Noticed Menkaure
  7229 | D:5      | Found a sand-covered staircase.
  7239 | Ossuary  | Entered an ossuary
  7477 | Ossuary  | Reached XP level 8. HP: 24/44 MP: 20/20
  9295 | D:5      | Found a sacrificial altar of Ru.
  9299 | D:5      | Found a snail-covered altar of Cheibriados.
  9422 | D:5      | Reached skill level 5 in Stealth
  9432 | D:5      | Noticed Eustachio
  9436 | D:5      | Reached skill level 5 in Dodging
  9643 | D:5      | Killed Eustachio
  9644 | D:5      | Reached skill level 1 in Shields
  9644 | D:5      | Reached skill level 9 in Necromancy
 10032 | D:5      | Found a hazy altar of Hepliaklqana.
 10089 | D:5      | Killed Menkaure
 10397 | D:5      | Reached XP level 9. HP: 39/50 MP: 12/21
 11495 | D:6      | Reached skill level 1 in Armour
 11985 | D:6      | Noticed Dowan
 11992 | D:6      | Killed Dowan
 11995 | D:6      | Noticed Duvessa
 12005 | D:6      | Killed Duvessa
 12247 | D:5      | Became a worshipper of Cheibriados the Contemplative
 12626 | D:7      | Reached skill level 1 in Invocations
 12832 | D:7      | Found Hifan's Book Boutique.
 12843 | D:7      | Learned a level 4 spell: Sticky Flame
 12910 | D:7      | Reached skill level 1 in Conjurations
 12910 | D:7      | Reached skill level 1 in Fire Magic
 13018 | D:7      | Reached * piety under Cheibriados
 13066 | D:7      | Found a staircase to the Ecumenical Temple.
 13075 | Temple   | Entered the Ecumenical Temple
 13387 | D:7      | Noticed Maggie
 13408 | D:7      | Slain by a gnoll sergeant

Illustrated notes

Levels and vault maps discovered:
D:1:      lightli_molten_gateway, layout_loops_ring,
          hellmonk_ecumenical_altar_lost_god
D:2:      layout_rooms, serial_shops, nicolae_square_shop
D:3:      layout_basic, nicolae_vehumet_radiance,
          gammafunk_temple_overflow_pools, corexii_shack, corexii_corridor_pit,
          chequers_serial_rivers_small_3, supply_closet_lemuel, uniq_ijyb,
          uniq_jessica
D:4:      minmay_evil_eye, layout_basic
D:5:      minmay_spotlight, layout_cave_pods, lemuel_coloured_pillars_altar,
          nicolae_overflow_hidden_temple, nicolae_ossuary_entry_ruins,
          glass_columns_b, minmay_fractal_squares_diagonal_5, uniq_eustachio,
          uniq_menkaure
D:6:      layout_loops_ring, uniq_duvessa
D:7:      layout_basic, minmay_temple_entry_slanted, serial_shops, shop,
          hangedman_glass_teeth, uniq_maggie
Temple:   eino_temple_scatter_basement

Skill      XL: |  1  2  3  4  5  6  7  8  9 |
---------------+----------------------------+-----
Necromancy     | 5 6 7 8 9 |  9.4
Short Blades   | 1 3 4 |  4.9
Spellcasting   | 4 5 6 7 |  7.5
Fighting       | 1 2 3 |  3.6
Stealth        | 3 5 6 |  6.6
Dodging        | 3 5 |  5.0
Shields        | 1 3 |  3.1
Armour         | 3 |  3.2
Invocations    | 2 |  2.1
Conjurations   | 1 |  1.2
Fire Magic     | 1 |  1.2

Action                   |  1- 3 |  4- 6 |  7- 9 || total
-------------------------+-------+-------+-------++-------
Melee: Short sword       |       |    64 |       ||    64
       Punch             |       |     2 |     1 ||     3
       Rapier            |       |       |   221 ||   221
 Cast: Pain              |    63 |   110 |   151 ||   324
       Animate Dead      |       |     1 |     4 ||     5
       Agony             |       |       |     9 ||     9
Evoke: Wand              |       |       |    11 ||    11
  Use: Scroll            |     5 |     5 |    12 ||    22
       Potion            |       |     2 |    13 ||    15
 Stab: Sleeping          |       |       |     6 ||     6
Armor: Robe              |     1 |    23 |    39 ||    63
       Leather armour    |       |       |    38 ||    38
Dodge: Dodged            |     3 |    43 |   130 ||   176
Block: Buckler           |       |       |    39 ||    39

Table legend: (Time is in decaauts)
 A = Elapsed time spent in this place.
 B = Non-inter-level travel time spent in this place.
 C = Inter-level travel time spent in this place.
 D = Time resting spent in this place.
 E = Time spent auto-exploring this place.
 F = Levels seen in this place.
 G = Mean time per level.
                   A        B        C        D        E       F      G
               +--------+--------+--------+--------+--------+-----+--------+
         Total |  13684 |  13292 |    392 |   5669 |   5891 |   9 | 1520.4 |
       Dungeon |  12824 |  12459 |    365 |   5281 |   5582 |   7 | 1832.0 |
        Temple |    242 |    216 |     26 |      0 |    197 |   1 |  242.0 |
       Ossuary |    617 |    617 |      0 |    388 |    111 |   1 |  617.0 |
               +--------+--------+--------+--------+--------+-----+--------+

Top non-repeatable levels by time:
     D:5: 3316 daAuts
     D:4: 2803 daAuts
     D:1: 1873 daAuts
     D:3: 1444 daAuts
     D:2: 1429 daAuts
     D:6: 1219 daAuts
     D:7: 739 daAuts
 Ossuary: 617 daAuts
  Temple: 242 daAuts
